 Dungeon Crawl Stone Soup version 0.31-a0-517-g48e1739 (webtiles) character file.

Game seed: 16414185200035753214

19517 Dorkslayer the Grappler (level 12, -1/107 HPs)
             Began as a Troll Shapeshifter on Aug 10, 2023.
             Was a High Priest of Wu Jian.
             Slain by an ogre
             ... wielding a +0 giant club
              (22 damage)
             ... on level 2 of the Orcish Mines.
             The game lasted 00:45:44 (10308 turns).

Dorkslayer the Grappler (Troll Shapeshifter)       Turns: 10308, Time: 00:45:44

Health: -1/107     AC: 13    Str: 26    XL:     12   Next: 37%
Magic:  11/11      EV: 11    Int:  4    God:    Wu Jian [*****.]
Gold:   1220       SH:  5    Dex: 14    Spells: 11/11 levels left

rFire   + . .        L - +9 giant spiked club (protect)
rCold   . . .        (shield currently unavailable)
rNeg    . . .        M - +2 robe {rF+}
rPois   .            (helmet currently unavailable)
rElec   .            (cloak currently unavailable)
rCorr   .            (gloves unavailable)
SInv    .            (boots unavailable)
Will    .....        m - amulet of reflection
Stlth   ++           (no ring)
HPRegen 1.17/turn    (no ring)
MPRegen 0.12/turn

%: reflection
@: beast-form, under a protective aura, studying Stealth
A: beast (slay +4), large, unfitting armour, claws 3, regeneration 1, shaggy fur
1, tough skin 1
a: Begin Untransformation, Renounce Religion, Wall Jump, Serpent's Lash,
Heavenly Storm


You were on level 2 of the Orcish Mines.
You worshipped Wu Jian.
Wu Jian was extremely pleased with you.
You were a hulking beast.
You visited 3 branches of the dungeon, and saw 14 of its levels.
You also visited: Bailey.

You collected 1517 gold pieces.
You spent 297 gold pieces at shops.

Inventory:

Hand Weapons
 z - a +2 heavy orcbow
 C - a +0 giant spiked club
 L - a +9 giant spiked club of protection (weapon)
Missiles
 k - 4 curare-tipped darts
 t - 13 boomerangs
 J - a javelin
 N - 7 large rocks (quivered)
Armour
 a - a +0 cloak
 h - the +2 robe of Xueties {Harm Fly}
   (You found it on level 2 of the Dungeon)

   Fly:       It grants you flight.
   Harm:      It increases damage dealt and taken.
 M - a +2 robe of fire resistance (worn)
Jewellery
 m - an amulet of reflection (around neck)
Talismans
 c - a beast talisman (active)
 d - a flux talisman
 i - a dragon-blood talisman
Wands
 g - a wand of iceblast (18)
 y - a wand of paralysis (13)
 D - a wand of flame (8)
 I - a wand of acid (18)
Scrolls
 f - a scroll of revelation
 n - 2 scrolls of fear
 q - a scroll of enchant armour {unknown}
 r - a scroll of teleportation
 u - a scroll of poison {unknown}
 B - a scroll of vulnerability {unknown}
 E - a scroll of immolation {unknown}
 F - 2 scrolls of blinking
 H - 2 scrolls of amnesia {unknown}
 O - 2 scrolls of enchant weapon
 P - 3 scrolls of fog
Potions
 b - 5 potions of lignification
 e - 3 potions of resistance
 j - a potion of heal wounds
 l - a potion of cancellation
 o - a potion of brilliance
 p - a potion of invisibility
 s - a potion of berserk rage
 v - 2 potions of attraction
 w - 2 potions of might
 x - 4 potions of curing
 A - a potion of enlightenment
 K - a potion of mutation


   Skills:
 + Level 3.9 Fighting
 * Level 6.0 Maces & Flails
 + Level 2.3 Ranged Weapons
 * Level 5.6 Throwing
 + Level 5.0 Dodging
 + Level 3.2 Stealth
 + Level 3.6 Shields
 + Level 12.5 Unarmed Combat
 + Level 4.5 Evocations
 * Level 6.8 Shapeshifting


You had 11 spell levels left.
You didn't know any spells.
Your spell library contained the following spells:

 Spells                   Type           Power      Damage    Failure   Level
 Static Discharge         Conj/Air       0%         2-2/arc   65%         2
 Gell's Gravitas          Tloc           0%         N/A       86%         3
 Ozocubu's Armour         Ice            0%         N/A       86%         3
 Teleport Other           Tloc           0%         N/A       86%         3
 Volatile Blastmotes      Fire/Tloc      0%         2d10      86%         3
 Airstrike                Air            0%         2d(0-16)  99%         4
 Animate Armour           Summ/Erth      0%         N/A       99%         4
 Fulminant Prism          Conj/Hex       0%         3d5       99%         4
 Iskenderun's Mystic Bla  Conj/Tloc      0%         2d3       99%         4
 Summon Lightning Spire   Summ/Air       0%         N/A       99%         4
 Lee's Rapid Deconstruct  Erth           0%         3d4*      100%        5
 Metabolic Englaciation   Hex/Ice        0%         N/A       100%        5
 Summon Forest            Summ/Tloc      0%         N/A       100%        5
 Dispersal                Tloc           0%         N/A       100%        6
 Eringya's Noxious Bog    Tmut/Pois      0%         4d6       100%        6
 Simulacrum               Ice/Necr       0%         N/A       100%        6
 Summon Hydra             Summ           0%         N/A       100%        7


Dungeon Overview and Level Annotations

Branches:
Dungeon (11/15)            Temple (1/1) D:5            Lair (0/5) D:8
    Orc (2/2) D:11            Elf (0/3) Orc:2        Bailey (visited)

Altars:
Ashenzari
Cheibriados
Dithmenos
Elyvilon
Fedhas
Gozag
Hepliaklqana
Kikubaaqudgha
Makhleb
Nemelex Xobeh
Okawaru
Qazlal
Ru
Sif Muna
Trog
Uskayaw
Vehumet
Wu Jian
Xom
Yredelemnul
Zin
The Shining One

Shops:
D:4 [=   Orc:1 ?


Innate Abilities, Weirdness & Mutations

You are a hulking beast.
Your limbs bulge with bestial killing power. (Slay +4)
You are too large for most types of armour.
You have claws for hands.
Your natural rate of healing is unusually fast.
You are covered in fur. (AC +1)
You have tough skin. (AC +1)


Message History

Press: ? - help, Shift-Dir - straight line, f - orc
Aim: an orc, wielding a +0 short sword and wearing a +0 leather armour The mass of ice explodes!
The iceblast engulfs the orc.
The orc is severely wounded.
The iceblast engulfs the orc warrior!
The orc warrior is heavily wounded.
The iceblast engulfs the orc warrior!
The orc warrior is heavily wounded.
You hear a shout! x2
The orc warrior barely misses you.
Unknown command.
Unknown command.
You stick the orc like a pincushion!!!
You kill the orc!
The Council accepts your kill.
The orc warrior hits you from afar with a +0 trident! x2
* * * LOW HITPOINT WARNING * * *
The orc warrior barely misses you.
You feel much better. You block the orc warrior's attack. The ogre misses you.
The orc warrior hits you from afar with a +0 trident.
The orc wizard attacks as you move away!
You block the orc wizard's attack.
The orc warrior hits you from afar with a +0 trident.
You closely miss the orc wizard.
The orc wizard gestures wildly while chanting.
The orc wizard flickers and vanishes!
Deactivating autopickup; reactivate with Ctrl-A.
The orc warrior hits you with a +0 short sword!
* * * LOW HITPOINT WARNING * * *
The orc warrior hits you but does no damage.
You puncture the ogre!
Your weapon exudes an aura of protection.
The ogre is moderately wounded.
The orc warrior hits you from afar with a +0 trident.
* * * LOW HITPOINT WARNING * * *
Something hits you but does no damage.
The orc warrior hits you with a +0 short sword.
* * * LOW HITPOINT WARNING * * *
The ogre hits you with a +0 giant club!!
You die...

,,,***....................*
*,*,**#..................#*
**,,,*##.................#
*,*,*##.................#*
,,,*##.................###
,,*##....................#*
,*##..........o)))........*
*##............o{O.......#*
##..............h........#*
#.........................*
..................#.......*
.........................##
..........................#
..........................#
..........................#
.........................#*
.........................##


You could see 2 orc warriors and an ogre.

Vanquished Creatures
  Snorg (D:11)
  The ghost of PurpleRed the Martial Artist, a journeyman DjSh of Cheibriados (D:10)
  Erolcha (D:9)
  7 two-headed ogres
  Sonja (D:11)
  A cyclops (D:11)
  3 gargoyles
  An unseen horror (D:11)
  2 trolls
  A hornet (D:9)
  A shadow (D:11)
  A wraith (D:11)
  A wyvern (D:9)
  A ynoxinul (D:10)
  A vampire (Bailey)
  6 yaks (D:9)
  7 vampire mosquitoes
  2 ice beasts
  10 orc warriors
  A sky beast (D:7)
  A black bear (D:6)
  26 ogres
  5 wolves (D:8)
  4 centaurs
  2 phantoms (D:6)
  2 kobold brigands
  6 bullfrogs
  2 scorpions
  4 wights (D:7)
  6 killer bees (D:9)
  8 howler monkeys
  7 vampire bats (Bailey)
  10 electric eels
  5 wolf zombies (Bailey)
  2 gnoll boudas
  5 jellies
  14 orc priests
  5 hounds
  4 iguanas
  2 sleepcaps (D:8)
  15 orc wizards
  15 gnolls
  10 adders
  3 shadow imps
  2 white imps
  4 worms
  60 orcs
  7 bats
  5 endoplasms
  4 giant cockroaches
  13 hobgoblins
  5 jackals
  7 quokkas
  10 ball pythons
  4 frilled lizards (D:3)
  19 goblins
  23 kobolds
  21 orc zombies (Bailey)
  3 rats
  A butterfly (D:5)
401 creatures vanquished.

Notes
Turn   | Place    | Note
-------+----------+-------------------------------------------
     0 | D:1      | Dorkslayer the Troll Shapeshifter began the quest for the
                  | Orb.
     0 | D:1      | Reached XP level 1. HP: 18/18 MP: 0/0
   106 | D:1      | Reached XP level 2. HP: 25/26 MP: 1/1
   329 | D:1      | Reached skill level 1 in Fighting
   752 | D:2      | Reached XP level 3. HP: 33/33 MP: 2/2
   776 | D:2      | Identified the +2 robe of Xueties {Harm Fly}
   806 | D:2      | Found a faded altar of an unknown god.
  1021 | D:2      | Reached skill level 4 in Unarmed Combat
  1226 | D:2      | Reached XP level 4. HP: 41/41 MP: 3/3
  1882 | D:3      | Found a shimmering blue altar of Sif Muna.
  2094 | D:4      | Found Ymulucri's Armour Shop.
  2094 | D:4      | Found Vyad's Jewellery Boutique.
  2305 | D:4      | Noticed a bullfrog
  2318 | D:4      | Killed a bullfrog
  2319 | D:4      | Reached skill level 5 in Unarmed Combat
  2319 | D:4      | Reached XP level 5. HP: 41/48 MP: 4/4
  2729 | D:4      | Reached XP level 6. HP: 55/55 MP: 5/5
  3219 | D:5      | Entered Level 5 of the Dungeon
  3243 | D:5      | Found a staircase to the Ecumenical Temple.
  3255 | D:5      | Identified the +0 robe of Fortification {Int+5}
  3268 | D:5      | Found a shimmering altar of Xom.
  3275 | Temple   | Entered the Ecumenical Temple
  3291 | Temple   | Became a worshipper of the Wu Jian Council
  3762 | D:5      | Reached * piety under Wu Jian
  3806 | D:5      | Reached skill level 6 in Unarmed Combat
  3871 | D:5      | Reached XP level 7. HP: 64/65 MP: 6/6
  4173 | D:5      | Reached skill level 7 in Unarmed Combat
  4190 | D:5      | Reached skill level 1 in Shields
  4268 | D:5      | Reached skill level 1 in Stealth
  4406 | D:6      | Reached XP level 8. HP: 26/74 MP: 7/7
  4416 | D:6      | Reached skill level 1 in Evocations
  4418 | D:6      | Reached ** piety under Wu Jian
  4549 | D:6      | Reached skill level 1 in Ranged Weapons
  4878 | D:7      | Reached skill level 8 in Unarmed Combat
  4943 | D:7      | Found a flagged portal.
  4949 | Bailey   | Entered a bailey
  5071 | Bailey   | Reached XP level 9. HP: 77/80 MP: 8/8
  5215 | Bailey   | Reached *** piety under Wu Jian
  5242 | Bailey   | Noticed a gargoyle
  5246 | Bailey   | Killed a gargoyle
  5340 | D:7      | Reached skill level 9 in Unarmed Combat
  5520 | D:7      | Reached skill level 5 in Shapeshifting
  5968 | D:8      | Noticed a troll
  5973 | D:8      | Killed a troll
  5974 | D:8      | Reached skill level 1 in Maces & Flails
  5974 | D:8      | Reached skill level 1 in Throwing
  5996 | D:8      | Reached XP level 10. HP: 32/91 MP: 9/9
  6509 | D:8      | Reached **** piety under Wu Jian
  6515 | D:8      | Found a staircase to the Lair.
  6853 | D:9      | Reached skill level 10 in Unarmed Combat
  7440 | D:9      | Noticed a two-headed ogre
  7440 | D:9      | Noticed a two-headed ogre
  7442 | D:9      | Killed a two-headed ogre
  7442 | D:9      | Noticed a two-headed ogre
  7443 | D:9      | Reached XP level 11. HP: 97/97 MP: 10/10
  7443 | D:9      | Killed a two-headed ogre
  7450 | D:9      | Killed a two-headed ogre
  7451 | D:9      | Reached skill level 11 in Unarmed Combat
  7455 | D:9      | Noticed a two-headed ogre
  7460 | D:9      | Killed a two-headed ogre
  7460 | D:9      | Noticed a two-headed ogre
  7463 | D:9      | Killed a two-headed ogre
  7463 | D:9      | Reached ***** piety under Wu Jian
  7463 | D:9      | Noticed a two-headed ogre
  7483 | D:9      | Noticed Erolcha
  7507 | D:9      | Killed Erolcha
  7525 | D:9      | Killed a two-headed ogre
  7795 | D:10     | Entered Level 10 of the Dungeon
  7874 | D:10     | Found a runed translucent door.
  7889 | D:10     | Noticed PurpleRed's ghost (journeyman DjSh)
  8056 | D:10     | Reached skill level 5 in Maces & Flails
  8428 | D:10     | Killed PurpleRed's ghost
  8570 | D:11     | Reached skill level 5 in Throwing
  8643 | D:11     | Reached skill level 12 in Unarmed Combat
  8682 | D:11     | Found a staircase to the Orcish Mines.
  8693 | D:11     | Noticed Sonja
  8697 | D:11     | Killed Sonja
  8765 | D:11     | Reached XP level 12. HP: 96/107 MP: 11/11
  9098 | D:11     | Noticed a two-headed ogre
  9107 | D:11     | Killed a two-headed ogre
  9121 | D:11     | Noticed Snorg
  9134 | D:11     | Killed Snorg
  9261 | Orc:1    | Entered Level 1 of the Orcish Mines
  9329 | Orc:1    | Found Ybroq's Magic Scroll Shoppe.
  9424 | Orc:1    | Bought a scroll of identify for 36 gold pieces
  9424 | Orc:1    | Bought a scroll of identify for 36 gold pieces
  9424 | Orc:1    | Bought a scroll of noise for 18 gold pieces
  9424 | Orc:1    | Bought a scroll of blinking for 135 gold pieces
  9424 | Orc:1    | Bought a scroll of fog for 72 gold pieces
  9447 | Orc:2    | Entered Level 2 of the Orcish Mines
 10295 | Orc:2    | Reached skill level 5 in Dodging
 10308 | Orc:2    | Slain by an ogre

Illustrated notes

Levels and vault maps discovered:
D:1:      minmay_arrival_glassed_features, layout_loops_ring,
          dreamdust_mushroom_princess, st_stairs_10
D:2:      layout_loops_cross, shapermc_ecumenical_altar_flowoftime,
          kennysheep_generic_room_9
D:3:      layout_basic, nicolae_overflow_crystal_walls
D:4:      layout_layer_cave, serial_shops, shop, nicolae_stop_n_shop_1,
          nicolae_elevator_lobby_plus
D:5:      corexii_shantytown, layout_loops_corners, xom_butterflies,
          minmay_temple_entry_glass, minmay_pentangle
D:6:      layout_rooms
D:7:      layout_loops_ring, serial_rivers, chequers_serial_rivers_small_3,
          chequers_serial_rivers_marsh, chequers_serial_rivers_micro_c,
          chequers_serial_rivers_small_3, chequers_serial_rivers_marsh,
          chequers_serial_rivers_small_a, enter_bailey_3,
          minmay_manual_mandibuliform
D:8:      layout_loops_ring, erik_lair_island, kennysheep_cross_room
D:9:      lemuel_ogre_cave, layout_loops_ring
D:10:     layout_loops_cross, hellmonk_ghost_big_iron
D:11:     layout_basic, orc_0_dummy, uniq_snorg, uniq_sonja
Temple:   nicolae_temple_bog_church
Orc:1:    layout_caves, serial_shops, nicolae_shop_real_fake_doors
Orc:2:    pf_orc_diabolical, layout_diamond_mine

Skill      XL: |  1  2  3  4  5  6  7  8  9 10 11 12 |
---------------+-------------------------------------+-----
Fighting       | 1 2 3 |  3.9
Unarmed Combat | 4 5 6 7 8 9 10 12 | 12.5
Dodging        | 2 3 4 5 |  5.0
Shapeshifting  | 4 5 6 |  6.8
Shields        | 1 2 3 |  3.6
Stealth        | 1 2 3 |  3.2
Evocations     | 2 3 4 |  4.5
Ranged Weapons | 1 2 |  2.3
Maces & Flails | 1 3 5 6 |  6.0
Throwing       | 1 4 5 |  5.6

Action                     |  1- 3 |  4- 6 |  7- 9 | 10-12 || total
---------------------------+-------+-------+-------+-------++-------
  Melee: Unarmed           |    94 |   202 |   237 |   293 ||   826
         Punch             |     2 |     4 |     7 |    16 ||    29
         Giant spiked club |       |       |       |    68 ||    68
  Throw: Boomerang         |       |       |     6 |    11 ||    17
         Large rock        |       |       |       |    29 ||    29
         Dart              |       |       |       |    11 ||    11
         Javelin           |       |       |       |     1 ||     1
Ability: Lunge             |       |     4 |    20 |    31 ||    55
         Whirlwind         |       |       |     7 |     9 ||    16
  Evoke: Wand              |       |       |     2 |    32 ||    34
    Use: Potion            |       |       |     7 |     7 ||    14
         Scroll            |       |       |    10 |    12 ||    22
   Stab: Sleeping          |     2 |     6 |     1 |     5 ||    14
         Paralysed         |       |       |     1 |     1 ||     2
         Invisible         |       |       |       |     2 ||     2
 Armour: Animal skin       |    18 |       |       |       ||    18
         Robe              |     8 |    43 |    64 |    65 ||   180
  Dodge: Dodged            |    34 |    74 |    82 |   129 ||   319
  Block: Other             |       |    31 |    54 |    63 ||   148
         Reflection        |       |     1 |     3 |     2 ||     6

Table legend: (Time is in decaauts)
 A = Elapsed time spent in this place.
 B = Non-inter-level travel time spent in this place.
 C = Inter-level travel time spent in this place.
 D = Time resting spent in this place.
 E = Time spent auto-exploring this place.
 F = Levels seen in this place.
 G = Mean time per level.
                   A        B        C        D        E       F      G
               +--------+--------+--------+--------+--------+-----+--------+
         Total |  10254 |  10254 |      0 |    209 |   2947 |  15 |  683.6 |
       Dungeon |   8776 |   8776 |      0 |    189 |   2947 |  11 |  797.8 |
        Temple |     32 |     32 |      0 |      0 |      0 |   1 |   32.0 |
  Orcish Mines |   1091 |   1091 |      0 |      5 |      0 |   2 |  545.5 |
        Bailey |    353 |    353 |      0 |     15 |      0 |   1 |  353.0 |
               +--------+--------+--------+--------+--------+-----+--------+

Top non-repeatable levels by time:
     D:5: 1119 daAuts
     D:4: 1119 daAuts
     D:9: 946 daAuts
     D:8: 864 daAuts
    D:11: 778 daAuts
     D:2: 765 daAuts
     D:7: 738 daAuts
     D:1: 727 daAuts
    D:10: 660 daAuts
     D:3: 589 daAuts
   Orc:1: 559 daAuts
   Orc:2: 532 daAuts
     D:6: 467 daAuts
  Bailey: 353 daAuts
  Temple: 32 daAuts
